 Dungeon Crawl Stone Soup version 0.27-a0-836-gfc908b8576 (webtiles) character file.

Game seed: 8988403360092617664

128 dickylongcocking the Magician (level 5, -2/37 HPs)
             Began as a Djinni Fire Elementalist on Mar 31, 2021.
             Slain by Purgy (4 damage)
             ... on level 3 of the Dungeon.
             The game lasted 00:02:06 (3490 turns).

dickylongcocking the Magician (DjFE)                Turns: 3490, Time: 00:02:07

Health: -2/37      AC:  2    Str:  7    XL:     5   Next: 12%
Gold:   123        EV: 12    Int: 17    God:
                   SH:  0    Dex: 14

rFire    + + .     SeeInvis .   e - +1 dagger (venom)
rCold    x . .     Faith    .   (no shield)
rNeg     . . .     Spirit   .   a - +0 robe
rPois    ∞         Reflect  .   f - +0 hat
rElec    .         Harm     .   (no cloak)
rCorr    .         Rampage  .   (no gloves)
Will     .....                  (boots unavailable)
Stlth    ++........             (no amulet)
HPRegen  0.12/turn              (no ring)
MPRegen  0.00/turn              (no ring)

@: flying
A: fire resistance 2, cold vulnerability 1, float, innate caster, hp casting,
extra vitality 1
a: no special abilities


You were on level 3 of the Dungeon.
You visited 1 branch of the dungeon, and saw 3 of its levels.

You collected 123 gold pieces.

Inventory:

Hand Weapons
 d - a +0 short sword
 e - a +1 dagger of venom (weapon)
Armour
 a - a +0 robe (worn)
 f - a +0 hat (worn)
Jewellery
 j - an amulet of magic regeneration
Scrolls
 b - a scroll of magic mapping {unknown}
 c - a scroll of blinking {unknown}
 g - a scroll of teleportation {unknown}
 h - a scroll of enchant weapon {unknown}
 i - 3 scrolls of identify {unknown}
 k - a scroll of immolation {unknown}
 l - a scroll of silence {unknown}


   Skills:
 * Level 1.3 Fighting
 - Level 2.6 Dodging
 - Level 1.9 Stealth
 * Level 4.3 Spellcasting


You couldn't memorise any spells.
You knew the following spells:

 Your Spells              Type           Power      Damage    Failure   Level
a - Foxfire               Conj/Fire      72%        2x1d7     2%          1
b - Conjure Flame         Conj/Fire      18%        6-21      8%          3
c - Inner Flame           Hex/Fire       18%        N/A       8%          3
d - Sticky Flame          Conj/Fire      18%        2d4       26%         4
e - Fireball              Conj/Fire      9%         3d6       58%         5
f - Pain                  Necr           72%        1d7       2%          1
g - Swiftness             Air            18%        N/A       4%          2
Your spell library was empty.

Dungeon Overview and Level Annotations

Branches:
Dungeon (3/15)

Altars:
Fedhas
Kikubaaqudgha

Annotations:
D:3 Purgy


Innate Abilities, Weirdness & Mutations

You are immune to poison.
Your flesh is very heat resistant. (rF++)
You are vulnerable to cold. (rC-)
You float through the air rather than walking.
You learn spells naturally, not from books.
Your magical power is your life essence.
You have superior vitality. (+4 HP)


Message History

Purgy is nearby!
You hit Purgy.
Purgy is poisoned.
Purgy is lightly wounded.
Purgy closely misses you. Purgy claws you. x2
Purgy is nearby!
You hit Purgy.
Purgy looks as sick as possible!
Purgy is lightly wounded.
Purgy closely misses you. Purgy barely misses you. Purgy claws you.
Purgy is nearby!
You closely miss Purgy.
Purgy is lightly wounded.
Purgy misses you. x2; Purgy claws you.
Purgy snarls, "Go!
Away!"
Casting: Foxfire (safe; 2% risk of failure)
Confirm with . or Enter, or press ? or * to list all spells.
You conjure some foxfire!
Purgy bites you! Purgy claws you. Purgy completely misses you.
Unknown command.
Unknown command.
Casting: Foxfire (safe; 2% risk of failure)
Confirm with . or Enter, or press ? or * to list all spells.
There is not enough space to conjure foxfire!
Unknown command.
Unknown command.
Unknown command.
You closely miss Purgy.
Purgy is heavily wounded.
The foxfire hits Purgy.
Purgy is heavily wounded.
The foxfire hits Purgy.
Purgy is severely wounded.
Purgy bites you! Purgy claws you. Purgy claws you but does no damage.
Casting: Foxfire (safe; 2% risk of failure)
Confirm with . or Enter, or press ? or * to list all spells.
You conjure some foxfire!
* * * LOW HITPOINT WARNING * * *
Purgy bites you!
* * * LOW HITPOINT WARNING * * *
Purgy closely misses you. Purgy claws you.
You die...

### #.#
#v################
#@v....:.........#
#T#############.##
#.######### #.#.
#.........# #.#.
#########.#####...
.##.....#
.###.#... ..
#.#... .. #.#..#


You could see Purgy (very poisoned, ally target).

Vanquished Creatures
  A scorpion (D:2)
  An adder (D:2)
  3 worms (D:2)
  A dart slug (D:2)
  An orc (D:3)
  7 bats
  5 endoplasms
  3 goblins
  5 hobgoblins
  4 jackals (D:1)
  2 quokkas (D:1)
  3 ball pythons
  4 frilled lizards
  5 kobolds (D:1)
  5 rats
50 creatures vanquished.

Vanquished Creatures (collateral kills)
  3 foxfires (D:2)
3 creatures vanquished.

Vanquished Creatures (others)
  138 foxfires
138 creatures vanquished.

Grand Total: 191 creatures vanquished

Notes
Turn   | Place    | Note
-------+----------+-------------------------------------------
     0 | D:1      | dickylongcocking the Djinni Fire Elementalist began the
                  | quest for the Orb.
     0 | D:1      | Reached XP level 1. HP: 15/15 MP: 0/0
   226 | D:1      | Reached skill level 3 in Spellcasting
   354 | D:1      | Reached XP level 2. HP: 19/21 MP: 0/0
   914 | D:1      | Reached XP level 3. HP: 19/25 MP: 0/0
   914 | D:1      | Learned a level 1 spell: Pain
  1621 | D:2      | Noticed a scorpion
  1640 | D:2      | HP: 1/25 [scorpion (8)]
  1656 | D:2      | Killed a scorpion
  1657 | D:2      | Reached skill level 4 in Spellcasting
  1657 | D:2      | Reached XP level 4. HP: 13/31 MP: 0/0
  1906 | D:2      | Found a blossoming altar of Fedhas.
  2640 | D:2      | Reached skill level 1 in Fighting
  2705 | D:2      | Reached XP level 5. HP: 37/37 MP: 0/0
  2705 | D:2      | Learned a level 2 spell: Swiftness
  3474 | D:3      | Noticed Purgy
  3490 | D:3      | Slain by Purgy

Illustrated notes

Levels and vault maps discovered:
D:1:      evilmike_arrival_rings, layout_basic
D:2:      layout_loops_ring, grunt_temple_overflow_growth_and_decay
D:3:      layout_basic, good_gods_mini_temple, serial_shops, shop,
          hangedman_abyss_or_decor_lesser_grid, minmay_misc_feat_diagonals,
          nemelex_dance_club_becter, uniq_purgy

Skill      XL: |  1  2  3  4 |
---------------+-------------+-----
Spellcasting   | 3 4 |  4.3
Fighting       | 1 |  1.3
Dodging        | |  2.6
Stealth        | |  1.9

Action                   |  1- 3 |  4- 6 || total
-------------------------+-------+-------++-------
Melee: Short sword       |     2 |       ||     2
       Dagger            |       |    55 ||    55
 Cast: Foxfire           |    68 |    13 ||    81
  Use: Potion            |     3 |       ||     3
 Stab: Sleeping          |       |     6 ||     6
Armor: Robe              |     3 |     7 ||    10
Dodge: Dodged            |    16 |    29 ||    45

Table legend: (Time is in decaauts)
 A = Elapsed time spent in this place.
 B = Non-inter-level travel time spent in this place.
 C = Inter-level travel time spent in this place.
 D = Time resting spent in this place.
 E = Time spent auto-exploring this place.
 F = Levels seen in this place.
 G = Mean time per level.
                   A        B        C        D        E       F      G
               +--------+--------+--------+--------+--------+-----+--------+
         Total |   3488 |   3417 |     71 |    600 |   2436 |   3 | 1162.7 |
       Dungeon |   3488 |   3417 |     71 |    600 |   2436 |   3 | 1162.7 |
               +--------+--------+--------+--------+--------+-----+--------+

Top non-repeatable levels by time:
     D:1: 1614 daAuts
     D:2: 1510 daAuts
     D:3: 363 daAuts
